 Dungeon Crawl Stone Soup version 0.28-a0-21-gf74fda84f9 (webtiles) character file.

Game seed: 13327309134723338085

112 voltaire321 the Insei (level 4, -7/29 HPs)
             Began as an Octopode Transmuter on July 27, 2021.
             Mangled by an ogre (11 damage)
             ... on level 4 of the Dungeon.
             The game lasted 00:06:34 (3484 turns).

voltaire321 the Insei (Octopode Transmuter)         Turns: 3484, Time: 00:06:35

Health: -7/29      AC:  1    Str:  9    XL:     4   Next: 95%
Magic:  7/7        EV: 13    Int: 21    God:
Gold:   101        SH:  0    Dex: 13    Spells: 2/8 levels left

rFire   . . .      SeeInvis .   b - +2 dagger (flame)
rCold   . . .      Faith    .   (no shield)
rNeg    . . .      Spirit   .   (helmet restricted)
rPois   .          Reflect  .   (no amulet)
rElec   .          Harm     .   k - +6 ring of intelligence
rCorr   .          Rampage  .   (no ring)
Will    .....                   (no ring)
Stlth   ++........              (no ring)
HPRegen 0.09/turn               (no ring)
MPRegen 0.10/turn               (no ring)
                                (no ring)
                                (no ring)

@: no status effects
A: almost no armour, amphibious, 8 rings, camouflage 1, gelatinous body 1,
(nimble swimmer 1), tentacles
a: no special abilities


You were on level 4 of the Dungeon.
You visited 1 branch of the dungeon, and saw 4 of its levels.

You collected 101 gold pieces.

Inventory:

Hand Weapons
 b - a +2 dagger of flaming (weapon)
Missiles
 a - 8 atropa-tipped darts (quivered)
 p - 3 javelins
Jewellery
 k - a +6 ring of intelligence (left tentacle)
Wands
 h - a wand of iceblast (10)
Scrolls
 c - a scroll of torment {unknown}
 e - 2 scrolls of identify
 f - a scroll of teleportation
 l - a scroll of enchant armour {unknown}
 m - 2 scrolls of blinking {unknown}
 n - a scroll of enchant weapon {unknown}
Potions
 d - 3 potions of heal wounds
 g - a potion of haste {unknown}
 i - 2 potions of degeneration {unknown}
 j - a potion of invisibility {unknown}
 o - a potion of berserk rage {unknown}


   Skills:
 + Level 2.1 Fighting
 + Level 2.7 Dodging
 + Level 3.5 Unarmed Combat
 + Level 2.5 Spellcasting
 + Level 2.6 Transmutations
 + Level 1.2 Poison Magic


You had 2 spell levels left.
You knew the following spells:

 Your Spells              Type           Power      Damage    Failure   Level
a - Beastly Appendage     Tmut           26%        N/A       4%          1
b - Wereblood             Tmut           13%        N/A       7%          2
c - Spider Form           Tmut/Pois      5%         N/A       19%         3

Your spell library contained the following spells:

 Spells                   Type           Power      Damage    Failure   Level
 Ice Form                 Ice/Tmut       8%         N/A       63%         4


Dungeon Overview and Level Annotations

Branches:
Dungeon (4/15)
 Temple: D:4-7

Altars:
Cheibriados
Nemelex Xobeh
Ru


Innate Abilities, Weirdness & Mutations

You cannot wear most types of armour.
You are amphibious.
You can wear up to eight rings at the same time.
Your skin changes colour to match your surroundings (Stealth+).
Your rubbery body absorbs attacks. (AC +1, EV +1)
((You are camouflaged near water. (Stealth+)))
You have tentacles for arms and can constrict up to eight enemies at once.


Message History

You kill the kobold!
Things that are here:
a +0 short sword; a kobold corpse
Things that are here:
a +1 hand axe of electrocution; an orc corpse
Things that are here:
a +0 short sword; a kobold corpse
Things that are here:
a +1 hand axe of electrocution; an orc corpse Your transformation is almost over.
m - 2 scrolls labelled XASTRO OFOXIGGO (gained 1)
Your tentacle spike disappears.
Done exploring.
You see here a +0 long sword.
There is a stone staircase leading down here.
You climb downwards.
Found 4 gold pieces and a scroll labelled XASTRO OFOXIGGO.
There is a stone staircase leading up here.
Found 15 gold pieces.
There is a stone staircase leading up here.
As you read the scroll labelled XAFIOLLU PYQO, it crumbles to dust.
It is a scroll of identify.
d - 3 potions of heal wounds
As you read the scroll labelled WOYQIA QIUBA, it crumbles to dust.
You feel strangely unstable.
It was a scroll of teleportation.
You climb upwards.
There is a stone staircase leading down here.
You start waiting.
Your surroundings suddenly seem different.
There is a stone staircase leading down here.
You climb downwards.
Found a wand of iceblast (6).
There is a stone staircase leading up here.
An ogre comes into view. It is wielding a +0 giant club.
The ogre shouts!
The ogre hits you with a +0 giant club!!
Ouch! That really hurt!
* * * LOW HITPOINT WARNING * * *
The ogre hits you with a +0 giant club!
You die...

...$.# .?... ##
.... .#### ...
....# ..# ##.#.#
..#
##+###..#.######
..#
........#O.....#
# #..<..@/...# #
#.....###### #
#........
........####
####...## ##..#
#..# #...


You could see an ogre.

Vanquished Creatures
  An iron imp (D:3)
  2 adders
  A worm (D:2)
  A dart slug (D:3)
  2 orcs (D:3)
  3 ball pythons
  6 endoplasms
  4 giant cockroaches
  5 hobgoblins
  2 jackals (D:2)
  9 kobolds
  A quokka (D:1)
  5 bats
  2 frilled lizards
  7 goblins
  4 rats
55 creatures vanquished.

Notes
Turn   | Place    | Note
-------+----------+-------------------------------------------
     0 | D:1      | voltaire321 the Octopode Transmuter began the quest for the
                  | Orb.
     0 | D:1      | Reached XP level 1. HP: 13/13 MP: 3/3
   201 | D:1      | Reached XP level 2. HP: 2/18 MP: 3/5
   811 | D:1      | Learned a level 2 spell: Wereblood
   851 | D:1      | Found a faded altar of an unknown god.
  1229 | D:1      | You fall into a shaft and drop 1 floor!
  1610 | D:2      | Reached XP level 3. HP: 23/23 MP: 4/6
  2155 | D:2      | Learned a level 3 spell: Spider Form
  2734 | D:3      | Found a snail-covered altar of Cheibriados.
  2743 | D:3      | Reached skill level 1 in Poison Magic
  2743 | D:3      | Reached XP level 4. HP: 29/29 MP: 5/7
  3232 | D:3      | Found a large runed translucent door.
  3233 | D:3      | Found a large runed translucent door.
  3250 | D:3      | Found a sparkling altar of Nemelex Xobeh.
  3259 | D:3      | Found a sacrificial altar of Ru.
  3482 | D:4      | Noticed an ogre
  3484 | D:4      | Mangled by an ogre

Illustrated notes

Levels and vault maps discovered:
D:1:      giann_bridges, layout_loops_corners, basic_ecumenical_altar,
          minmay_misc_feat_hallway
D:2:      layout_loops_cross
D:3:      layout_rooms, jmf_multi_god_temple2, slow_altar_2
D:4:      layout_basic, minmay_temple_entry_hall, serial_shops,
          nicolae_shop_statue_plus, uniq_blork_the_orc, uniq_ijyb

Skill      XL: |  1  2  3  4 |
---------------+-------------+-----
Poison Magic   | 1 |  1.2
Fighting       | 2 |  2.1
Dodging        | |  2.7
Unarmed Combat | |  3.5
Spellcasting   | |  2.5
Transmutations | |  2.6

Action                   |  1- 3 |  4- 6 || total
-------------------------+-------+-------++-------
Melee: Unarmed           |    18 |       ||    18
       Tentacles         |    13 |    11 ||    24
       Kick              |    21 |     8 ||    29
       Constrict         |    19 |    10 ||    29
       Punch             |     2 |     1 ||     3
       Dagger            |    72 |    34 ||   106
Throw: Dart              |     1 |       ||     1
 Cast: Beastly Appendage |    24 |     7 ||    31
  Use: Scroll            |       |     2 ||     2
 Stab: Sleeping          |     5 |     1 ||     6
Armor: Skin              |    12 |     1 ||    13
Dodge: Dodged            |    81 |    16 ||    97

Table legend: (Time is in decaauts)
 A = Elapsed time spent in this place.
 B = Non-inter-level travel time spent in this place.
 C = Inter-level travel time spent in this place.
 D = Time resting spent in this place.
 E = Time spent auto-exploring this place.
 F = Levels seen in this place.
 G = Mean time per level.
                   A        B        C        D        E       F      G
               +--------+--------+--------+--------+--------+-----+--------+
         Total |   3483 |   3441 |     42 |   1036 |   1882 |   4 |  870.8 |
       Dungeon |   3483 |   3441 |     42 |   1036 |   1882 |   4 |  870.8 |
               +--------+--------+--------+--------+--------+-----+--------+

Top non-repeatable levels by time:
     D:1: 1481 daAuts
     D:2: 1024 daAuts
     D:3: 967 daAuts
     D:4: 9 daAuts
